3AAA
SALT LAKE CITY BUZZ @ BLOOMINGTON LONGNECKS
09/21/2026
 
TOP OF THE 1ST
Salt Lake City Buzz batting - Pitching for Bloomington Longnecks : RHP Fernando Ramírez
Pitching: RHP Fernando Ramírez
Batting: LHB Roberto Soto 0-0: SINGLE (Groundball, 25) (infield hit)
Batting: RHB Jung-hwan Kwon 0-0: Ball
Throwing error on steal attempt, E2
Roberto Soto to third
1-0: Ball
2-0: Called Strike
2-1: Foul Ball, location: 2F
2-2: Foul Ball, location: 2F
2-2: Ball
3-2: Foul Ball, location: 2F
3-2: Strikes out swinging
Batting: RHB Justin MacPherson 0-0: Swinging Strike
0-1: Called Strike
0-2: Foul Ball, location: 2F
0-2: SINGLE (Line Drive, 5D)
Roberto Soto scores
Batting: LHB Ángel Aguilar 0-0: Foul Ball, location: 2F
0-1: Swinging Strike
0-2: Fly out, F7 (Flyball, 78M)
Batting: RHB Vicente Cruz 0-0: Ball
1-0: Foul Ball, location: 2F
1-1: Ball
2-1: Fly out, F7 (Flyball, 7S)
Top of the 1st over - 1 run(s), 2 hit(s), 1 error(s), 1 left on base; Salt Lake City 1 - Bloomington 0
BOTTOM OF THE 1ST
Bloomington Longnecks batting - Pitching for Salt Lake City Buzz : RHP Brian Morris
Pitching: RHP Brian Morris
Batting: LHB Gabriel Díaz 0-0: Called Strike
0-1: Ball
1-1: Called Strike
1-2: Fly out, F7 (Flyball, 7)
Batting: RHB Raúl Delgado 0-0: Ground out 5-3 (Groundball, 5L)
Batting: LHB Adrián Gómez 0-0: Ball
1-0: DOUBLE (Groundball, 3L)
Batting: LHB José Ruíz 0-0: Ball
1-0: Ball
2-0: Ball
3-0: Called Strike
3-1: Called Strike
3-2: Foul Ball, location: 2F
3-2: Fly out, F6 (Popup, 6D)
Bottom of the 1st over - 0 run(s), 1 hit(s), 0 error(s), 1 left on base; Salt Lake City 1 - Bloomington 0
TOP OF THE 2ND
Salt Lake City Buzz batting - Pitching for Bloomington Longnecks : RHP Fernando Ramírez
Batting: RHB Daryl Moran 0-0: Ball
1-0: Ball
2-0: SINGLE (Groundball, 34D)
Batting: SHB Wayne Saunders 0-0: SINGLE (Line Drive, 56)
Daryl Moran to second
Batting: RHB Alan Rosales 0-0: Ball
1-0: SINGLE (Groundball, 4MD)
Daryl Moran to third
Wayne Saunders to second
Batting: RHB Adrian Rodgers 0-0: Foul Ball, location: 2F
0-1: Ball
1-1: Ball
Wild Pitch!
Daryl Moran scores
Wayne Saunders to third
Alan Rosales to second
2-1: Ground out 5-3 (Groundball, 56)
Wayne Saunders scores
Batting: LHB Roberto Soto 0-0: Called Strike
0-1: Swinging Strike
0-2: Ball
1-2: Foul Ball, location: 2F
1-2: Foul Ball, location: 2F
1-2: Ball
2-2: Fly out, F8 (Flyball, 8RXD)
Runner from 2nd tags up, SAFE at 3rd, no throw
Batting: RHB Jung-hwan Kwon 0-0: Called Strike
0-1: Ball
1-1: Foul Ball, location: 2F
1-2: Fly out, F7 (Flyball, 7S)
Top of the 2nd over - 2 run(s), 3 hit(s), 0 error(s), 1 left on base; Salt Lake City 3 - Bloomington 0
BOTTOM OF THE 2ND
Bloomington Longnecks batting - Pitching for Salt Lake City Buzz : RHP Brian Morris
Batting: RHB Ty Struck 0-0: Ball
1-0: Called Strike
1-1: Foul Ball, location: 2F
1-2: Ball
2-2: Foul Ball, location: 2F
2-2: Strikes out looking
Batting: LHB Juan Hernández 0-0: SINGLE (Groundball, 4D)
Batting: LHB Fernando González 0-0: Ball
1-0: Called Strike
1-1: Called Strike
1-2: Foul Ball, location: 2F
1-2: Ball
2-2: Fly out, F7 (Flyball, 7D)
Batting: SHB Adrián Pueblo 0-0: Ball
1-0: Swinging Strike
1-1: Ball
2-1: Fly out, F7 (Flyball, 7S)
Bottom of the 2nd over - 0 run(s), 1 hit(s), 0 error(s), 1 left on base; Salt Lake City 3 - Bloomington 0
TOP OF THE 3RD
Salt Lake City Buzz batting - Pitching for Bloomington Longnecks : RHP Fernando Ramírez
Batting: RHB Justin MacPherson 0-0: Ground out 6-3 (Groundball, 6)
Batting: LHB Ángel Aguilar 0-0: SINGLE (Groundball, 6D)
Batting: RHB Vicente Cruz 0-0: Foul Ball, location: 2F
0-1: Called Strike
0-2: Strikes out looking
Batting: RHB Daryl Moran 0-0: Ball
1-0: Ball
2-0: Called Strike
2-1: Swinging Strike
2-2: Fielders Choice at 2nd, 5-4 (Groundball, 5)
Top of the 3rd over - 0 run(s), 1 hit(s), 0 error(s), 0 left on base; Salt Lake City 3 - Bloomington 0
BOTTOM OF THE 3RD
Bloomington Longnecks batting - Pitching for Salt Lake City Buzz : RHP Brian Morris
Batting: RHB Sergio Cortéz 0-0: Ball
1-0: Ball
2-0: Called Strike
2-1: Ground out 1-3 (Groundball, P)
Batting: LHB Gabriel Díaz 0-0: Called Strike
0-1: Ball
1-1: Ball
2-1: Swinging Strike
2-2: Ball
3-2: Fly out, F7 (Flyball, 7LS)
Batting: RHB Raúl Delgado 0-0: Called Strike
0-1: Ground out 5-3 (Groundball, 56S)
Bottom of the 3rd over - 0 run(s), 0 hit(s), 0 error(s), 0 left on base; Salt Lake City 3 - Bloomington 0
TOP OF THE 4TH
Salt Lake City Buzz batting - Pitching for Bloomington Longnecks : RHP Fernando Ramírez
Batting: SHB Wayne Saunders 0-0: Ball
1-0: Fly out, F8 (Flyball, 8RD)
Batting: RHB Alan Rosales 0-0: Ball
1-0: Ground out 4-3 (Groundball, 4S)
Batting: RHB Adrian Rodgers 0-0: Foul Ball, location: 2F
0-1: Foul Ball, location: 2F
0-2: Ball
1-2: Ground out U3 (Groundball, 3D)
Top of the 4th over - 0 run(s), 0 hit(s), 0 error(s), 0 left on base; Salt Lake City 3 - Bloomington 0
BOTTOM OF THE 4TH
Bloomington Longnecks batting - Pitching for Salt Lake City Buzz : RHP Brian Morris
Batting: LHB Adrián Gómez 0-0: Foul Ball, location: 2F
0-1: Swinging Strike
0-2: Fly out, F7 (Flyball, 7)
Batting: LHB José Ruíz 0-0: Ball
1-0: Ball
2-0: Swinging Strike
2-1: SINGLE (Line Drive, 9S)
Batting: RHB Ty Struck 0-0: Ball
1-0: Called Strike
1-1: Ball
2-1: Ball
3-1: Swinging Strike
3-2: Grounds into double play, 6-4-3 (Groundball, 6)
Bottom of the 4th over - 0 run(s), 1 hit(s), 0 error(s), 0 left on base; Salt Lake City 3 - Bloomington 0
TOP OF THE 5TH
Salt Lake City Buzz batting - Pitching for Bloomington Longnecks : RHP Fernando Ramírez
Batting: LHB Roberto Soto 0-0: Ball
1-0: Ball
2-0: Called Strike
2-1: Ball
3-1: Foul Ball, location: 2F
3-2: Base on Balls
Batting: RHB Jung-hwan Kwon 0-0: Fly out, F8 (Flyball, 8RD)
Batting: RHB Justin MacPherson 0-0: Called Strike
0-1: Ball
1-1: Ball
2-1: Ball
Roberto Soto steals 2nd base
3-1: Foul Ball, location: 2F
3-2: Fly out, F8 (Flyball, 8LM)
Batting: LHB Ángel Aguilar 0-0: Ground out 6-3 (Groundball, 6)
Top of the 5th over - 0 run(s), 0 hit(s), 0 error(s), 1 left on base; Salt Lake City 3 - Bloomington 0
BOTTOM OF THE 5TH
Bloomington Longnecks batting - Pitching for Salt Lake City Buzz : RHP Brian Morris
Batting: LHB Juan Hernández 0-0: Called Strike
0-1: Ball
1-1: Ball
2-1: Foul Ball, location: 2F
2-2: Strikes out swinging
Batting: LHB Fernando González 0-0: Ball
1-0: Swinging Strike
1-1: Foul Ball, location: 2F
1-2: Strikes out swinging
Batting: SHB Adrián Pueblo 0-0: Ball
1-0: Ball
2-0: Swinging Strike
2-1: Called Strike
2-2: Foul Ball, location: 2F
2-2: Ball
3-2: Foul Ball, location: 2F
3-2: Foul Ball, location: 2F
3-2: Ground out 4-3 (Groundball, 4)
Bottom of the 5th over - 0 run(s), 0 hit(s), 0 error(s), 0 left on base; Salt Lake City 3 - Bloomington 0
TOP OF THE 6TH
Salt Lake City Buzz batting - Pitching for Bloomington Longnecks : RHP Fernando Ramírez
Batting: RHB Vicente Cruz 0-0: Called Strike
0-1: Ball
1-1: Foul Ball, location: 2F
1-2: Strikes out swinging
Batting: RHB Daryl Moran 0-0: Ball
1-0: Called Strike
1-1: Ball
2-1: Ball
3-1: Called Strike
3-2: Base on Balls
Batting: SHB Wayne Saunders 0-0: Ball
1-0: 2-RUN HOME RUN (Flyball, 78XD), Distance : 386 ft
Batting: RHB Alan Rosales 0-0: Fly out, F6 (Popup, 6)
Batting: RHB Adrian Rodgers 0-0: Ball
1-0: Foul Ball, location: 2F
1-1: SINGLE (Line Drive, 6M)
Batting: LHB Roberto Soto 0-0: Called Strike
0-1: Fly out, F6 (Popup, 5D)
Top of the 6th over - 2 run(s), 2 hit(s), 0 error(s), 1 left on base; Salt Lake City 5 - Bloomington 0
BOTTOM OF THE 6TH
Bloomington Longnecks batting - Pitching for Salt Lake City Buzz : RHP Brian Morris
Batting: RHB Sergio Cortéz 0-0: Called Strike
0-1: Ball
1-1: Foul Ball, location: 2F
1-2: Ground out 6-3 (Groundball, 6)
Batting: LHB Gabriel Díaz 0-0: Ball
1-0: Called Strike
1-1: Ground out 4-3 (Groundball, 4)
Batting: RHB Raúl Delgado 0-0: Ball
1-0: Called Strike
1-1: Foul Ball, location: 2F
1-2: TRIPLE (Flyball, 78M)
Batting: LHB Adrián Gómez 0-0: Ball
1-0: Called Strike
1-1: Ball
2-1: Ground out U3 (Groundball, 3)
Bottom of the 6th over - 0 run(s), 1 hit(s), 0 error(s), 1 left on base; Salt Lake City 5 - Bloomington 0
TOP OF THE 7TH
Salt Lake City Buzz batting - Pitching for Bloomington Longnecks : RHP Fernando Ramírez
Batting: RHB Jung-hwan Kwon 0-0: Fly out, F9 (Flyball, 9D)
Batting: RHB Justin MacPherson 0-0: Ball
1-0: Ball
2-0: Called Strike
2-1: Ground out 6-3 (Groundball, 6)
Batting: LHB Ángel Aguilar 0-0: SINGLE (Groundball, 56S) (infield hit)
Batting: RHB Vicente Cruz 0-0: Ball
1-0: Called Strike
1-1: Foul Ball, location: 2F
1-2: Ball
2-2: Foul Ball, location: 2F
2-2: Fielders Choice at 2nd, 4-6 (Groundball, 4)
Top of the 7th over - 0 run(s), 1 hit(s), 0 error(s), 0 left on base; Salt Lake City 5 - Bloomington 0
BOTTOM OF THE 7TH
Bloomington Longnecks batting - Pitching for Salt Lake City Buzz : RHP Brian Morris
Batting: LHB José Ruíz 0-0: Ball
1-0: Called Strike
1-1: Ball
2-1: Ball
3-1: Foul Ball, location: 2F
3-2: Base on Balls
Batting: RHB Ty Struck 0-0: Foul Ball, location: 2F
0-1: Ball
1-1: Foul Ball, location: 2F
1-2: Ball
2-2: Ball
3-2: Fly out, F6 (Popup, 6MD)
Pitching: RHP Caleb Sobieski
Batting: LHB Juan Hernández 0-0: Ground out 4-3 (Groundball, 4)
José Ruíz to second
Batting: LHB Fernando González 0-0: Ball
1-0: Ball
2-0: Ball
3-0: Base on Balls
Batting: SHB Adrián Pueblo 0-0: Called Strike
0-1: Ball
1-1: Ball
2-1: Foul Ball, location: 2F
2-2: Foul Ball, location: 2F
2-2: Ball
3-2: Foul Ball, location: 2F
3-2: Reached on error, E3 (Groundball, 34)
José Ruíz to third
Fernando González to second
Batting: RHB Sergio Cortéz 0-0: Ball
1-0: GRAND SLAM HOME RUN (Flyball, 7D), Distance : 373 ft
Batting: LHB Gabriel Díaz 0-0: Ball
1-0: Ball
2-0: Swinging Strike
2-1: Ball
3-1: Foul Ball, location: 2F
3-2: Foul Ball, location: 2F
3-2: Fly out, F6 (Popup, 4MD)
Bottom of the 7th over - 4 run(s), 1 hit(s), 1 error(s), 0 left on base; Salt Lake City 5 - Bloomington 4
TOP OF THE 8TH
Salt Lake City Buzz batting - Pitching for Bloomington Longnecks : RHP Fernando Ramírez
Batting: RHB Daryl Moran 0-0: Ball
1-0: Ball
2-0: Called Strike
2-1: Fly out, F7 (Flyball, 78XD)
Batting: SHB Wayne Saunders 0-0: Foul Ball, location: 2F
0-1: Ground out 6-3 (Groundball, 6)
Batting: RHB Alan Rosales 0-0: Called Strike
0-1: Ball
1-1: Called Strike
1-2: Strikes out swinging
Top of the 8th over - 0 run(s), 0 hit(s), 0 error(s), 0 left on base; Salt Lake City 5 - Bloomington 4
BOTTOM OF THE 8TH
Bloomington Longnecks batting - Pitching for Salt Lake City Buzz : RHP Caleb Sobieski
Pitching: RHP Jimmy Whittier
Batting: RHB Raúl Delgado 0-0: Foul Ball, location: 2F
0-1: SINGLE (Groundball, 6MD)
Pitching: RHP Powell Horne
Batting: LHB Adrián Gómez 0-0: Ball
1-0: SINGLE (Groundball, 56D)
Raúl Delgado to second
Batting: LHB José Ruíz 0-0: Ball
1-0: Called Strike
1-1: Ball
2-1: Foul Ball, location: 2F
2-2: Strikes out looking
Pitching: RHP Rick Kennedy
Pinch Hitting: RHB Raúl Robles 0-0: Foul Ball, location: 2F
0-1: Ball
1-1: Ball
2-1: Foul Ball, location: 2F
2-2: Strikes out swinging
Batting: LHB Juan Hernández 0-0: Foul Ball, location: 2F
0-1: Foul Ball, location: 2F
0-2: Ball
1-2: Foul Ball, location: 2F
1-2: Strikes out swinging
Bottom of the 8th over - 0 run(s), 2 hit(s), 0 error(s), 2 left on base; Salt Lake City 5 - Bloomington 4
TOP OF THE 9TH
Salt Lake City Buzz batting - Pitching for Bloomington Longnecks : RHP Fernando Ramírez
Pitching: RHP Enrique López
Now at 3B: Dave Farr
Batting: RHB Adrian Rodgers 0-0: Called Strike
0-1: Ball
1-1: Ball
2-1: Reached via error on a dropped throw, E3
Batting: LHB Roberto Soto 0-0: Bunted foul
0-1: Sac Bunt - play at second, runner safe!
Batting: RHB Jung-hwan Kwon 0-0: Ball
1-0: Sac Bunt - play at first, batter OUT! 1-3
Adrian Rodgers to third
Roberto Soto to second
Batting: RHB Justin MacPherson 0-0: Called Strike
0-1: Ball
1-1: Foul Ball, location: 2F
1-2: Ball
2-2: SINGLE (Groundball, 4MD)
Adrian Rodgers scores
Roberto Soto to third
Runner from 3rd tries for Home, SAFE, no throw
Batting: LHB Ángel Aguilar 0-0: Ground out U3 (Groundball, 34)
Justin MacPherson to second
Batting: RHB Vicente Cruz 0-0: Ball
1-0: Foul Ball, location: 2F
1-1: Ball
2-1: Foul Ball, location: 2F
2-2: SINGLE (Flyball, 7LS)
Justin MacPherson to third
Runner from 3rd tries for Home, SAFE, no throw
Pitching: RHP Del Lamb
Batting: RHB Daryl Moran 0-0: Ground out 5-3 (Groundball, 56S)
Top of the 9th over - 3 run(s), 2 hit(s), 1 error(s), 1 left on base; Salt Lake City 8 - Bloomington 4
BOTTOM OF THE 9TH
Bloomington Longnecks batting - Pitching for Salt Lake City Buzz : RHP Rick Kennedy
Batting: LHB Fernando González 0-0: Ball
1-0: Ball
2-0: Called Strike
2-1: Called Strike
2-2: Ball
3-2: Base on Balls
Batting: SHB Adrián Pueblo 0-0: Ball
1-0: Called Strike
1-1: Swinging Strike
1-2: Foul Ball, location: 2F
1-2: Foul Ball, location: 2F
1-2: Strikes out swinging
Batting: RHB Sergio Cortéz 0-0: Called Strike
0-1: Called Strike
0-2: Ball
1-2: Foul Ball, location: 2F
1-2: Ball
2-2: Fielders Choice at 2nd, 6-4 (Groundball, 6)
Batting: LHB Gabriel Díaz 0-0: Ball
1-0: Called Strike
1-1: Fielders Choice at 2nd, 6-4 (Groundball, 6)
Bottom of the 9th over - 0 run(s), 0 hit(s), 0 error(s), 0 left on base; Salt Lake City 8 - Bloomington 4
Monday, March 20th, 2017 - OOTP Baseball 17.12 Build 75